Los Angeles Kings vs Philadelphia Flyers
Created - Friday, January 16, 2026 at 07:55
Goals
|
| Los Angeles Kings |
1 |
0 |
5 |
6 |
| Philadelphia Flyers |
5 |
0 |
2 |
7 |
|
Shots
|
| Los Angeles Kings |
13 |
10 |
21 |
44 |
| Philadelphia Flyers |
13 |
12 |
10 |
35 |
|
1st period
1. Philadelphia Flyers , Brandon Duhaime 1 (Cody Glass 2, J.J. Moser 1) at 0:46
2. Philadelphia Flyers , Colton Sissons 2 (Jeff Skinner 2, Radek Faksa 1) at 7:08
3. Los Angeles Kings , Joseph Veleno 1 (Seth Jarvis 1) at 8:22
4. Philadelphia Flyers , Kirby Dach 1 (Kaapo Kakko 2, Nick Blankenburg 1) at 10:07
5. Philadelphia Flyers , Alex Steeves 1 (Zac Jones 1, Cole Guttman 1) at 10:19
6. Philadelphia Flyers , Paul Cotter 1 (Jack McBain 1, Kirby Dach 2) at 17:58
Penalties :
Vitali Kravtsov (LAK) for Hooking (Minor) at 1:01, Charlie McAvoy (LAK) for Tripping (Minor) at 19:55
2nd period
No Goal
Penalties :
Vitali Kravtsov (LAK) for Goalie Interference (Minor) at 12:33, Jack McBain (PHI) for Fighting (Major) at 16:05, MacKenzie Weegar (LAK) for Fighting (Major) at 16:05, Seth Jarvis (LAK) for Roughing (Minor) at 16:23
3rd period
7. Philadelphia Flyers , Kaapo Kakko 1 (Brandon Duhaime 1, Cody Glass 3) at 1:07
8. Los Angeles Kings , Joseph Veleno 2 (Seth Jarvis 2) at 3:12
9. Los Angeles Kings , Adam Fantilli 2 (Andrei Kuzmenko 3, Andrei Svechnikov 2) at 3:47
10. Los Angeles Kings , Jackson Blake 2 (Ryan Suter 2) at 4:46
11. Los Angeles Kings , Logan Cooley 1 (Seth Jarvis 3, Matthew Boldy 1) at 5:04
12. Los Angeles Kings , Logan Cooley 2 (Andrei Svechnikov 3) at 7:35
13. Philadelphia Flyers , Alex Steeves 2 (Cole Guttman 2, Joel Edmundson 1) at 17:42
Penalties :
Logan Cooley (LAK) for Interference (Minor) at 5:19, Nick Blankenburg (PHI) for Roughing (Minor) at 12:10
Goalie Stats
Victor Ostman (LAK), 28 saves from 35 shots - (0.800), L, 0-1-0, 58:38 minutes
Dennis Hildeby (PHI), 38 saves from 44 shots - (0.864), W, 1-0-0, 60:00 minutes
Players Stats for Los Angeles Kings
Player Name G A P +/- PIM S H SB GA TA FO MP PP MP PK MP
------------------------------------------------------------------------------------
Adam Fantilli 1 0 1 -1 0 4 2 1 0 0 7/13 16:01 0:59 0:33
Alexander Romanov 0 0 0 1 0 1 1 1 0 0 0/0 14:53 0:00 0:39
Andrei Kuzmenko 0 1 1 -1 0 2 0 0 0 1 0/1 16:21 0:59 0:51
Andrei Svechnikov 0 2 2 0 0 4 2 2 1 0 0/2 19:45 0:59 4:36
Charlie McAvoy 0 0 0 -2 2 1 0 2 0 2 0/0 20:26 0:59 3:51
Cooper Marody 0 0 0 1 0 0 0 0 0 0 0/0 7:11 0:00 0:00
Jackson Blake 1 0 1 0 0 4 1 0 0 0 0/0 11:52 0:00 0:00
Jakub Zboril 0 0 0 1 0 0 0 0 0 0 0/0 14:27 0:00 1:50
Jansen Harkins 0 0 0 0 0 3 3 0 1 0 6/12 12:19 0:00 0:00
Joseph Veleno 2 0 2 2 0 3 0 0 0 0 3/7 10:05 0:00 2:09
K'Andre Miller 0 0 0 0 0 4 0 1 0 1 0/0 26:38 1:00 4:58
Logan Cooley 2 0 2 -1 2 4 4 1 1 1 1/5 19:12 1:00 3:52
MacKenzie Weegar 0 0 0 0 5 2 0 3 0 2 0/0 22:57 1:00 3:35
Matthew Boldy 0 1 1 -2 0 2 3 1 2 2 0/2 19:07 1:00 4:24
Mikey Eyssimont 0 0 0 0 0 0 0 0 0 0 0/1 2:46 0:00 0:00
Ryan Suter 0 1 1 -2 0 2 4 4 0 0 0/0 20:45 0:59 4:57
Seth Jarvis 0 3 3 -1 2 7 1 1 2 0 4/23 23:21 1:00 3:25
Vitali Kravtsov 0 0 0 0 4 1 0 0 0 0 0/0 11:53 0:00 0:00
Players Stats for Philadelphia Flyers
Player Name G A P +/- PIM S H SB GA TA FO MP PP MP PK MP
------------------------------------------------------------------------------------
Alex Steeves 2 0 2 1 0 4 2 0 0 0 7/8 12:38 0:00 0:00
Brandon Duhaime 1 1 2 0 0 2 1 0 0 1 0/1 12:57 0:00 0:55
Cody Glass 0 2 2 -1 0 2 1 1 0 0 11/16 17:03 5:09 0:00
Cole Guttman 0 2 2 1 0 2 1 0 0 1 0/0 13:09 0:01 0:00
Colton Sissons 1 0 1 0 0 2 1 0 0 0 17/22 18:34 4:45 0:55
Henri Jokiharju 0 0 0 -1 0 1 1 1 1 2 0/0 14:27 0:00 1:09
J.J. Moser 0 1 1 1 0 0 3 1 0 1 0/0 23:48 5:01 1:09
Jack McBain 0 1 1 0 5 1 1 0 1 0 1/1 11:53 0:00 1:02
Jeff Skinner 0 1 1 1 0 1 1 0 0 0 1/2 16:02 4:45 0:02
Joel Edmundson 0 1 1 0 0 0 1 1 0 0 0/0 22:17 5:01 0:50
Kaapo Kakko 1 1 2 -1 0 3 1 0 0 1 0/1 16:41 5:09 0:02
Kirby Dach 1 1 2 0 0 4 0 0 3 0 2/2 16:17 4:45 0:00
Nick Blankenburg 0 1 1 1 2 0 3 1 2 0 0/0 21:58 4:54 0:00
Paul Cotter 1 0 1 1 0 4 1 2 0 0 1/1 11:22 0:01 0:00
Radek Faksa 0 1 1 1 0 1 0 0 0 0 5/11 13:55 0:01 1:02
Thomas Novak 0 0 0 0 0 3 0 0 2 0 0/1 17:22 5:09 0:00
Will Borgen 0 0 0 2 0 1 3 1 0 0 0/0 18:23 0:00 0:50
Zac Jones 0 1 1 -1 0 4 0 1 0 1 0/0 19:13 4:54 0:00
3 Stars
1 - Alex Steeves (PHI)
2 - Joseph Veleno (LAK)
3 - Logan Cooley (LAK)
Power Play
Los Angeles Kings - 0 on 1 Attempt(s) - 0.00%
Philadelphia Flyers - 0 on 5 Attempt(s) - 0.00%
Penalty Kill
Los Angeles Kings - 5 on 5 Attempt(s) - 100.00%
- Score 0 goal in Penalty Kill
Philadelphia Flyers - 1 on 1 Attempt(s) - 100.00%
- Score 0 goal in Penalty Kill
Team Stat
Los Angeles Kings - Hits : 21 - Faceoff Wins : 21 - Blocked Shots : 17 - Penalty Minutes : 15
Philadelphia Flyers - Hits : 21 - Faceoff Wins : 45 - Blocked Shots : 9 - Penalty Minutes : 7
Official
Referees : Chris Rooney and Kyle Rehman
Linesman : Bryan Pancich and Jonny Murray
Game Notes
MacKenzie Weegar beats up Jack McBain at 16:05 of 2nd period
Finance
Level 1 -- Attendance: 5358 (89.30%) -- Ticket Income $487,578
Level 2 -- Attendance: 4998 (99.96%) -- Ticket Income $259,896
Level 3 -- Attendance: 2867 (95.57%) -- Ticket Income $80,276
Level 4 -- Attendance: 4620 (92.40%) -- Ticket Income $83,160
Luxury Box -- Attendance: 881 (88.10%) -- Ticket Income $167,390
Game was played at the Wells Fargo Center.
Total Attendance: 18724 (93.62%)
Total Ticket Income: $1,078,300
Other Income: $377,405
Total Income: $1,455,705
Los Angeles Kings
5 vs 5 Forward
Center Left Wing Right Wing Time % Phy DF OF
1 Seth Jarvis Matthew Boldy Logan Cooley 30 1 2 2
2 Adam Fantilli Andrei Svechnikov Andrei Kuzmenko 30 1 2 2
3 Jansen Harkins Vitali Kravtsov Jackson Blake 25 1 2 2
4 Joseph Veleno Seth Jarvis Cooper Marody 15 1 2 2
5 vs 5 Defense
Defense Defense Time % Phy DF OF
1 MacKenzie Weegar K'Andre Miller 30 1 2 2
2 Charlie McAvoy Ryan Suter 30 1 2 2
3 Alexander Romanov Jakub Zboril 25 1 2 2
4 MacKenzie Weegar K'Andre Miller 15 1 2 2
PowerPlay Forward
Center Left Wing Right Wing Time % Phy DF OF
1 Seth Jarvis Matthew Boldy Logan Cooley 50 1 2 2
2 Adam Fantilli Andrei Svechnikov Andrei Kuzmenko 50 1 2 2
PowerPlay Defense
Defense Defense Time % Phy DF OF
1 MacKenzie Weegar K'Andre Miller 50 1 2 2
2 Charlie McAvoy Ryan Suter 50 1 2 2
Penalty Kill 4 Players Forward
Center Wing Time % Phy DF OF
1 Seth Jarvis Matthew Boldy 50 1 2 2
2 Logan Cooley Andrei Svechnikov 50 1 2 2
Penalty Kill 4 Players Defense
Defense Defense Time % Phy DF OF
1 MacKenzie Weegar K'Andre Miller 50 1 2 2
2 Charlie McAvoy Ryan Suter 50 1 2 2
Penalty Kill - 3 Players Forward
Forward Time % Phy DF OF
1 Seth Jarvis 50 1 2 2
2 Matthew Boldy 50 1 2 2
Penalty Kill - 3 Players Defense
Defense Defense Time % Phy DF OF
1 MacKenzie Weegar K'Andre Miller 50 1 2 2
2 Charlie McAvoy Ryan Suter 50 1 2 2
4 vs 4 Forward
Center Wing Time % Phy DF OF
1 Seth Jarvis Matthew Boldy 50 1 2 2
2 Logan Cooley Andrei Svechnikov 50 1 2 2
4 vs 4 Defense
Defense Defense Time % Phy DF OF
1 MacKenzie Weegar K'Andre Miller 50 1 2 2
2 Charlie McAvoy Ryan Suter 50 1 2 2
Last Minutes Offensive
Center Left Wing Right Wing Defense Defense
Seth Jarvis Matthew Boldy Logan Cooley MacKenzie Weegar K'Andre Miller
Last Minutes Defensive
Center Left Wing Right Wing Defense Defense
Seth Jarvis Matthew Boldy Logan Cooley MacKenzie Weegar K'Andre Miller
Goaltenders
Starting : Victor Ostman
Backup : Andrei Vasilevskiy
Extra Forwards
Normal : Mikey Eyssimont, Jansen Harkins, Joseph Veleno - PP : Mikey Eyssimont, Jansen Harkins - PK : Joseph Veleno
Extra Defensemen
Normal : Alexander Romanov, Jakub Zboril, Charlie McAvoy - PP : Alexander Romanov - PK : Jakub Zboril, Charlie McAvoy
Penalty Shots
Seth Jarvis, Matthew Boldy, Logan Cooley, Andrei Svechnikov, Adam Fantilli
Scratches
Evander Kane (Healthy), Drew Helleson (Healthy), Carl Lindbom (Healthy)
Philadelphia Flyers
5 vs 5 Forward
Center Left Wing Right Wing Time % Phy DF OF
1 Colton Sissons Kirby Dach Jack McBain 25 1 2 2
2 Cody Glass Kaapo Kakko Brandon Duhaime 25 1 2 2
3 Alex Steeves Thomas Novak Cole Guttman 25 1 2 2
4 Radek Faksa Jeff Skinner Paul Cotter 25 1 2 2
5 vs 5 Defense
Defense Defense Time % Phy DF OF
1 Joel Edmundson Nick Blankenburg 35 1 2 2
2 J.J. Moser Will Borgen 35 1 2 2
3 Zac Jones Henri Jokiharju 30 1 2 2
4 Joel Edmundson Nick Blankenburg 0 1 2 2
PowerPlay Forward
Center Left Wing Right Wing Time % Phy DF OF
1 Cody Glass Thomas Novak Kaapo Kakko 50 1 2 2
2 Colton Sissons Jeff Skinner Kirby Dach 50 1 2 2
PowerPlay Defense
Defense Defense Time % Phy DF OF
1 Nick Blankenburg Zac Jones 50 1 2 2
2 J.J. Moser Joel Edmundson 50 1 2 2
Penalty Kill 4 Players Forward
Center Wing Time % Phy DF OF
1 Colton Sissons Brandon Duhaime 50 1 2 2
2 Radek Faksa Jack McBain 50 1 2 2
Penalty Kill 4 Players Defense
Defense Defense Time % Phy DF OF
1 J.J. Moser Nick Blankenburg 50 1 2 2
2 Joel Edmundson Will Borgen 50 1 2 2
Penalty Kill - 3 Players Forward
Forward Time % Phy DF OF
1 Colton Sissons 50 1 2 2
2 Kaapo Kakko 50 1 2 2
Penalty Kill - 3 Players Defense
Defense Defense Time % Phy DF OF
1 J.J. Moser Nick Blankenburg 50 1 2 2
2 Joel Edmundson Will Borgen 50 1 2 2
4 vs 4 Forward
Center Wing Time % Phy DF OF
1 Colton Sissons Kirby Dach 50 1 2 2
2 Cody Glass Kaapo Kakko 50 1 2 2
4 vs 4 Defense
Defense Defense Time % Phy DF OF
1 Joel Edmundson Nick Blankenburg 50 1 2 2
2 J.J. Moser Will Borgen 50 1 2 2
Last Minutes Offensive
Center Left Wing Right Wing Defense Defense
Cody Glass Thomas Novak Kaapo Kakko Nick Blankenburg Zac Jones
Last Minutes Defensive
Center Left Wing Right Wing Defense Defense
Colton Sissons Radek Faksa Brandon Duhaime J.J. Moser Nick Blankenburg
Goaltenders
Starting : Dennis Hildeby
Backup : Jake Allen
Extra Forwards
Normal : Colton Sissons, Cody Glass, Kaapo Kakko - PP : Cody Glass, Colton Sissons - PK : Colton Sissons
Extra Defensemen
Normal : J.J. Moser, Nick Blankenburg, Joel Edmundson - PP : J.J. Moser - PK : J.J. Moser, Nick Blankenburg
Penalty Shots
Paul Cotter, Kirby Dach, Cody Glass, Thomas Novak, Radek Faksa
Scratches
Juuso Parssinen (Healthy), Miles Wood (Healthy), Josh Mahura (Healthy), Louis Crevier (Healthy), Dylan Roobroeck (Healthy)
% Time on Ice - Los Angeles Kings
Lines # - Real PCT - Wanted PCT - Time Play
Normal Forward
1 - 28% - 30% - 13:07
2 - 32% - 30% - 15:14
3 - 25% - 25% - 11:52
4 - 15% - 15% - 6:53
Normal Defense
1 - 30% - 30% - 14:12
2 - 31% - 30% - 14:49
3 - 27% - 25% - 12:45
4 - 11% - 15% - 5:20
PP Forward
1 - 50% - 50% - 1:00
2 - 50% - 50% - 0:59
PP Defense
1 - 50% - 50% - 1:00
2 - 50% - 50% - 0:59
PK Forward
1 - 50% - 50% - 4:56
2 - 50% - 50% - 4:59
PK Defense
1 - 50% - 50% - 4:58
2 - 50% - 50% - 4:57
PK3 Forward
1 - 0% - 50%
2 - 0% - 50%
PK3 Defense
1 - 0% - 50%
2 - 0% - 50%
44 Forward
1 - 0% - 50%
2 - 0% - 50%
44 Defense
1 - 0% - 50%
2 - 0% - 50%
Last Minute Offensive - 1:00
Last Minute Defensive - 0:00
Total
Forward - 60:00
Defense - 60:00
|
% Time on Ice - Philadelphia Flyers
Lines # - Real PCT - Wanted PCT - Time Play
Normal Forward
1 - 25% - 25% - 11:41
2 - 24% - 25% - 11:15
3 - 27% - 25% - 12:38
4 - 24% - 25% - 11:19
Normal Defense
1 - 34% - 35% - 15:54
2 - 37% - 35% - 17:20
3 - 29% - 30% - 13:39
4 - 0% - 0% - 0:00
PP Forward
1 - 52% - 50% - 5:10
2 - 48% - 50% - 4:45
PP Defense
1 - 49% - 50% - 4:54
2 - 51% - 50% - 5:01
PK Forward
1 - 48% - 50% - 0:57
2 - 52% - 50% - 1:02
PK Defense
1 - 58% - 50% - 1:09
2 - 42% - 50% - 0:50
PK3 Forward
1 - 0% - 50%
2 - 0% - 50%
PK3 Defense
1 - 0% - 50%
2 - 0% - 50%
44 Forward
1 - 0% - 50%
2 - 0% - 50%
44 Defense
1 - 0% - 50%
2 - 0% - 50%
Last Minute Offensive - 0:00
Last Minute Defensive - 1:13
Total
Forward - 60:00
Defense - 60:00
|
Play-by-Play
1st period
0:01 of 1st period - Colton Sissons wins face-off versus Seth Jarvis in neutral zone.
0:03 of 1st period - Off-side.
0:04 of 1st period - Colton Sissons wins face-off versus Seth Jarvis in neutral zone.
0:11 of 1st period - Kirby Dach is hit by Logan Cooley and loses puck.
0:32 of 1st period - Snap shot by Kaapo Kakko.
0:32 of 1st period - Stopped by Victor Ostman without a rebound.
0:33 of 1st period - Adam Fantilli wins face-off versus Cody Glass in Los Angeles Kings zone.
0:46 of 1st period - Snap shot by Brandon Duhaime.
0:46 of 1st period - Goal by Brandon Duhaime - Los Angeles Kings : 0 - Philadelphia Flyers : 1.
0:47 of 1st period - Alex Steeves wins face-off versus Jansen Harkins in neutral zone.
1:01 of 1st period - Minor Penalty to Vitali Kravtsov for Hooking.
1:02 of 1st period - Cody Glass wins face-off versus Seth Jarvis in Los Angeles Kings zone.
1:29 of 1st period - Icing by Nick Blankenburg.
1:30 of 1st period - Colton Sissons wins face-off versus Logan Cooley in Philadelphia Flyers zone.
1:30 of 1st period - Colton Sissons is hit by Andrei Svechnikov.
1:38 of 1st period - Wrist shot by Kirby Dach.
1:38 of 1st period - Shot Blocked by Ryan Suter.
1:40 of 1st period - Slapshot by Nick Blankenburg.
1:40 of 1st period - Deflect By Jeff Skinner.
1:40 of 1st period - Shot Misses the Net.
1:40 of 1st period - Puck is out of play.
1:41 of 1st period - Colton Sissons wins face-off versus Logan Cooley in Los Angeles Kings zone.
2:20 of 1st period - Snap shot by Seth Jarvis.
2:20 of 1st period - Shot Misses the Net.
3:01 of 1st period - Penalty to Vitali Kravtsov is over, Vitali Kravtsov is back on ice.
3:17 of 1st period - Will Borgen is hit by Adam Fantilli and loses puck.
3:32 of 1st period - Alexander Romanov is hit by J.J. Moser and loses puck.
3:47 of 1st period - Snap shot by Jansen Harkins.
3:47 of 1st period - Shot Misses the Net.
4:24 of 1st period - Slapshot by Seth Jarvis.
4:24 of 1st period - Stopped by Dennis Hildeby with a rebound.
4:44 of 1st period - Wrist shot by Andrei Svechnikov.
4:44 of 1st period - Stopped by Dennis Hildeby with a rebound.
4:46 of 1st period - Slapshot by Alexander Romanov.
4:46 of 1st period - Shot Misses the Net.
5:00 of 1st period - Colton Sissons is hit by Jansen Harkins and loses puck.
5:25 of 1st period - Off-side.
5:26 of 1st period - Adam Fantilli wins face-off versus Radek Faksa in neutral zone.
6:38 of 1st period - Wrist shot by Cody Glass.
6:38 of 1st period - Shot Blocked by K'Andre Miller.
7:08 of 1st period - Wrist shot by Colton Sissons.
7:08 of 1st period - Goal by Colton Sissons - Los Angeles Kings : 0 - Philadelphia Flyers : 2.
7:09 of 1st period - Alex Steeves wins face-off versus Matthew Boldy in neutral zone.
7:16 of 1st period - Slapshot by Alex Steeves.
7:16 of 1st period - Shot Misses the Net.
8:18 of 1st period - Slapshot by K'Andre Miller.
8:18 of 1st period - Deflect By Seth Jarvis.
8:18 of 1st period - Shot Blocked by Nick Blankenburg.
8:18 of 1st period - Puck is out of play.
8:19 of 1st period - Joseph Veleno wins face-off versus Colton Sissons in Philadelphia Flyers zone.
8:20 of 1st period - Snap shot by Seth Jarvis.
8:20 of 1st period - Shot Misses the Net.
8:22 of 1st period - Wrist shot by Joseph Veleno.
8:22 of 1st period - Goal by Joseph Veleno - Los Angeles Kings : 1 - Philadelphia Flyers : 2.
8:23 of 1st period - Seth Jarvis wins face-off versus Radek Faksa in neutral zone.
8:28 of 1st period - Snap shot by Matthew Boldy.
8:28 of 1st period - Deflect By Seth Jarvis.
8:28 of 1st period - Shot Blocked by Paul Cotter.
8:28 of 1st period - Puck is out of play.
8:29 of 1st period - Radek Faksa wins face-off versus Seth Jarvis in Philadelphia Flyers zone.
8:34 of 1st period - Slapshot by Paul Cotter.
8:34 of 1st period - Shot Misses the Net.
8:36 of 1st period - Slapshot by J.J. Moser.
8:36 of 1st period - Deflect By Jeff Skinner.
8:36 of 1st period - Shot Misses the Net.
8:36 of 1st period - Puck is out of play.
8:37 of 1st period - Seth Jarvis wins face-off versus Colton Sissons in Los Angeles Kings zone.
9:11 of 1st period - Snap shot by Adam Fantilli.
9:11 of 1st period - Stopped by Dennis Hildeby with a rebound.
10:07 of 1st period - Snap shot by Kirby Dach.
10:07 of 1st period - Goal by Kirby Dach - Los Angeles Kings : 1 - Philadelphia Flyers : 3.
10:08 of 1st period - Alex Steeves wins face-off versus Seth Jarvis in neutral zone.
10:15 of 1st period - Snap shot by Cole Guttman.
10:15 of 1st period - Shot Misses the Net.
10:17 of 1st period - Backhand shot by Alex Steeves.
10:17 of 1st period - Shot Misses the Net.
10:19 of 1st period - Slapshot by Zac Jones.
10:19 of 1st period - Deflect By Alex Steeves.
10:19 of 1st period - Goal by Alex Steeves - Los Angeles Kings : 1 - Philadelphia Flyers : 4.
10:20 of 1st period - Colton Sissons wins face-off versus Seth Jarvis in neutral zone.
10:29 of 1st period - Wrist shot by Seth Jarvis.
10:29 of 1st period - Shot Misses the Net.
10:31 of 1st period - Wrist shot by Matthew Boldy.
10:31 of 1st period - Shot Misses the Net.
10:35 of 1st period - Slapshot by Logan Cooley.
10:35 of 1st period - Stopped by Dennis Hildeby with a rebound.
10:37 of 1st period - Slapshot by Seth Jarvis.
10:37 of 1st period - Shot Blocked by Henri Jokiharju.
10:47 of 1st period - K'Andre Miller is hit by Alex Steeves and loses puck.
10:54 of 1st period - Slapshot by Adam Fantilli.
10:54 of 1st period - Stopped by Dennis Hildeby with a rebound.
10:56 of 1st period - Wrist shot by Andrei Svechnikov.
10:56 of 1st period - Stopped by Dennis Hildeby with a rebound.
11:30 of 1st period - Off-side.
11:31 of 1st period - Kirby Dach wins face-off versus Adam Fantilli in neutral zone.
11:47 of 1st period - Wrist shot by Adam Fantilli.
11:47 of 1st period - Shot Blocked by J.J. Moser.
12:05 of 1st period - Wrist shot by Alex Steeves.
12:05 of 1st period - Stopped by Victor Ostman with a rebound.
12:07 of 1st period - Slapshot by Will Borgen.
12:07 of 1st period - Shot Blocked by MacKenzie Weegar.
12:27 of 1st period - Wrist shot by Jansen Harkins.
12:27 of 1st period - Stopped by Dennis Hildeby with a rebound.
12:29 of 1st period - Slapshot by Alexander Romanov.
12:29 of 1st period - Deflect By Jansen Harkins.
12:29 of 1st period - Stopped by Dennis Hildeby without a rebound.
12:30 of 1st period - Adam Fantilli wins face-off versus Jeff Skinner in Philadelphia Flyers zone.
12:43 of 1st period - Wrist shot by Paul Cotter.
12:43 of 1st period - Shot Blocked by Andrei Svechnikov.
12:45 of 1st period - Snap shot by Paul Cotter.
12:45 of 1st period - Stopped by Victor Ostman without a rebound.
12:46 of 1st period - Alex Steeves wins face-off versus Seth Jarvis in Los Angeles Kings zone.
13:28 of 1st period - Wrist shot by Matthew Boldy.
13:28 of 1st period - Stopped by Dennis Hildeby without a rebound.
13:29 of 1st period - Jansen Harkins wins face-off versus Cody Glass in Philadelphia Flyers zone.
13:54 of 1st period - Radek Faksa is hit by Ryan Suter and loses puck.
14:17 of 1st period - Wrist shot by Colton Sissons.
14:17 of 1st period - Shot Misses the Net.
14:19 of 1st period - Snap shot by Kirby Dach.
14:19 of 1st period - Stopped by Victor Ostman with a rebound.
14:21 of 1st period - Snap shot by Jack McBain.
14:21 of 1st period - Stopped by Victor Ostman without a rebound.
14:22 of 1st period - Cody Glass wins face-off versus Seth Jarvis in Los Angeles Kings zone.
14:33 of 1st period - Slapshot by Cody Glass.
14:33 of 1st period - Stopped by Victor Ostman without a rebound.
14:34 of 1st period - Radek Faksa wins face-off versus Jansen Harkins in Los Angeles Kings zone.
14:47 of 1st period - Wrist shot by Jeff Skinner.
14:47 of 1st period - Stopped by Victor Ostman without a rebound.
14:48 of 1st period - Joseph Veleno wins face-off versus Thomas Novak in Los Angeles Kings zone.
14:59 of 1st period - Will Borgen is hit by Seth Jarvis.
15:28 of 1st period - Slapshot by Joseph Veleno.
15:28 of 1st period - Shot Misses the Net.
15:32 of 1st period - Wrist shot by Joseph Veleno.
15:32 of 1st period - Stopped by Dennis Hildeby without a rebound.
15:33 of 1st period - Radek Faksa wins face-off versus Adam Fantilli in Philadelphia Flyers zone.
16:13 of 1st period - Slapshot by Adam Fantilli.
16:13 of 1st period - Shot Blocked by Joel Edmundson.
16:15 of 1st period - Slapshot by K'Andre Miller.
16:15 of 1st period - Stopped by Dennis Hildeby without a rebound.
16:16 of 1st period - Cody Glass wins face-off versus Seth Jarvis in Philadelphia Flyers zone.
16:43 of 1st period - Kaapo Kakko is hit by Ryan Suter.
17:05 of 1st period - Slapshot by Charlie McAvoy.
17:05 of 1st period - Shot Misses the Net.
17:56 of 1st period - Snap shot by Paul Cotter.
17:56 of 1st period - Shot Misses the Net.
17:58 of 1st period - Wrist shot by Paul Cotter.
17:58 of 1st period - Goal by Paul Cotter - Los Angeles Kings : 1 - Philadelphia Flyers : 5.
17:59 of 1st period - Jansen Harkins wins face-off versus Alex Steeves in neutral zone.
18:05 of 1st period - Off-side.
18:06 of 1st period - Alex Steeves wins face-off versus Jansen Harkins in neutral zone.
18:09 of 1st period - K'Andre Miller is hit by Henri Jokiharju and loses puck.
18:20 of 1st period - Snap shot by Jackson Blake.
18:20 of 1st period - Shot Misses the Net.
18:54 of 1st period - Wrist shot by Thomas Novak.
18:54 of 1st period - Shot Misses the Net.
19:01 of 1st period - Off-side.
19:02 of 1st period - Jansen Harkins wins face-off versus Radek Faksa in neutral zone.
19:15 of 1st period - Snap shot by Paul Cotter.
19:15 of 1st period - Stopped by Victor Ostman with a rebound.
19:17 of 1st period - Snap shot by Paul Cotter.
19:17 of 1st period - Shot Misses the Net.
19:38 of 1st period - Slapshot by Seth Jarvis.
19:38 of 1st period - Stopped by Dennis Hildeby with a rebound.
19:50 of 1st period - Slapshot by Andrei Svechnikov.
19:50 of 1st period - Shot Misses the Net.
19:55 of 1st period - Minor Penalty to Charlie McAvoy for Tripping.
19:56 of 1st period - Colton Sissons wins face-off versus Logan Cooley in Los Angeles Kings zone.
Goals for this period are 1 for Los Angeles Kings vs 5 for Philadelphia Flyers.
Shots for this period are 13 for Los Angeles Kings vs 13 for Philadelphia Flyers.
2nd period
0:01 of 2nd period - Seth Jarvis wins face-off versus Cody Glass in neutral zone.
0:12 of 2nd period - Ryan Suter is hit by Cody Glass and loses puck.
1:55 of 2nd period - Penalty to Charlie McAvoy is over, Charlie McAvoy is back on ice.
1:57 of 2nd period - Joseph Veleno is hit by Jeff Skinner and loses puck.
2:14 of 2nd period - Snap shot by Jackson Blake.
2:14 of 2nd period - Shot Misses the Net.
2:16 of 2nd period - Wrist shot by Jansen Harkins.
2:16 of 2nd period - Deflect By Nick Blankenburg.
2:16 of 2nd period - Stopped by Dennis Hildeby with a rebound.
2:18 of 2nd period - Slapshot by MacKenzie Weegar.
2:18 of 2nd period - Stopped by Dennis Hildeby with a rebound.
2:30 of 2nd period - Backhand shot by Andrei Kuzmenko.
2:30 of 2nd period - Stopped by Dennis Hildeby with a rebound.
2:52 of 2nd period - J.J. Moser is hit by Jansen Harkins and loses puck.
3:06 of 2nd period - Alexander Romanov is hit by J.J. Moser and loses puck.
4:27 of 2nd period - Slapshot by Thomas Novak.
4:27 of 2nd period - Shot Misses the Net.
4:33 of 2nd period - Seth Jarvis is hit by Alex Steeves.
4:39 of 2nd period - Charlie McAvoy is hit by Joel Edmundson and loses puck.
5:06 of 2nd period - Will Borgen is hit by Alexander Romanov and loses puck.
5:22 of 2nd period - Slapshot by Thomas Novak.
5:22 of 2nd period - Shot Misses the Net.
5:24 of 2nd period - Slapshot by Will Borgen.
5:24 of 2nd period - Deflect By Seth Jarvis.
5:24 of 2nd period - Stopped by Victor Ostman without a rebound.
5:25 of 2nd period - Adam Fantilli wins face-off versus Colton Sissons in Los Angeles Kings zone.
5:25 of 2nd period - Adam Fantilli is hit by Will Borgen.
5:33 of 2nd period - J.J. Moser is hit by Ryan Suter and loses puck.
6:27 of 2nd period - Ryan Suter is hit by Nick Blankenburg.
7:03 of 2nd period - Snap shot by Brandon Duhaime.
7:03 of 2nd period - Stopped by Victor Ostman with a rebound.
7:05 of 2nd period - Slapshot by Nick Blankenburg.
7:05 of 2nd period - Shot Misses the Net.
7:07 of 2nd period - Snap shot by Kaapo Kakko.
7:07 of 2nd period - Deflect By Cody Glass.
7:07 of 2nd period - Shot Blocked by Ryan Suter.
7:07 of 2nd period - Puck is out of play.
7:08 of 2nd period - Jack McBain wins face-off versus Andrei Svechnikov in Los Angeles Kings zone.
7:33 of 2nd period - Snap shot by Jeff Skinner.
7:33 of 2nd period - Shot Misses the Net.
8:06 of 2nd period - Snap shot by Brandon Duhaime.
8:06 of 2nd period - Shot Misses the Net.
8:18 of 2nd period - Snap shot by Colton Sissons.
8:18 of 2nd period - Shot Misses the Net.
8:20 of 2nd period - Slapshot by Henri Jokiharju.
8:20 of 2nd period - Shot Blocked by Ryan Suter.
8:36 of 2nd period - Slapshot by Charlie McAvoy.
8:36 of 2nd period - Stopped by Dennis Hildeby with a rebound.
8:38 of 2nd period - Wrist shot by Seth Jarvis.
8:38 of 2nd period - Shot Blocked by Paul Cotter.
8:55 of 2nd period - Seth Jarvis is hit by Brandon Duhaime and loses puck.
9:04 of 2nd period - Snap shot by Kaapo Kakko.
9:04 of 2nd period - Shot Blocked by Seth Jarvis.
9:22 of 2nd period - Snap shot by Cole Guttman.
9:22 of 2nd period - Shot Misses the Net.
9:36 of 2nd period - Slapshot by Colton Sissons.
9:36 of 2nd period - Stopped by Victor Ostman with a rebound.
9:38 of 2nd period - Wrist shot by Kirby Dach.
9:38 of 2nd period - Shot Blocked by Logan Cooley.
9:42 of 2nd period - Wrist shot by Colton Sissons.
9:42 of 2nd period - Shot Blocked by Alexander Romanov.
10:01 of 2nd period - K'Andre Miller is hit by Will Borgen and loses puck.
10:16 of 2nd period - Snap shot by Cole Guttman.
10:16 of 2nd period - Stopped by Victor Ostman with a rebound.
10:18 of 2nd period - Slapshot by Cole Guttman.
10:18 of 2nd period - Deflect By Thomas Novak.
10:18 of 2nd period - Stopped by Victor Ostman without a rebound.
10:19 of 2nd period - Alex Steeves wins face-off versus Mikey Eyssimont in Los Angeles Kings zone.
10:30 of 2nd period - Wrist shot by Thomas Novak.
10:30 of 2nd period - Stopped by Victor Ostman with a rebound.
10:34 of 2nd period - Slapshot by Thomas Novak.
10:34 of 2nd period - Deflect By Alex Steeves.
10:34 of 2nd period - Stopped by Victor Ostman with a rebound.
10:36 of 2nd period - Slapshot by Joel Edmundson.
10:36 of 2nd period - Shot Blocked by Charlie McAvoy.
10:38 of 2nd period - Slapshot by Cole Guttman.
10:38 of 2nd period - Shot Misses the Net.
10:40 of 2nd period - Wrist shot by Alex Steeves.
10:40 of 2nd period - Shot Blocked by Charlie McAvoy.
10:42 of 2nd period - Snap shot by Alex Steeves.
10:42 of 2nd period - Shot Blocked by Ryan Suter.
10:44 of 2nd period - Slapshot by Zac Jones.
10:44 of 2nd period - Stopped by Victor Ostman without a rebound.
10:45 of 2nd period - Jeff Skinner wins face-off versus Adam Fantilli in Los Angeles Kings zone.
11:32 of 2nd period - Snap shot by Matthew Boldy.
11:32 of 2nd period - Stopped by Dennis Hildeby with a rebound.
11:42 of 2nd period - Nick Blankenburg is hit by Matthew Boldy and loses puck.
12:33 of 2nd period - Minor Penalty to Vitali Kravtsov for Goalie Interference.
12:34 of 2nd period - Kirby Dach wins face-off versus Andrei Svechnikov in Los Angeles Kings zone.
13:23 of 2nd period - Icing by Colton Sissons.
13:24 of 2nd period - Logan Cooley wins face-off versus Colton Sissons in Philadelphia Flyers zone.
14:16 of 2nd period - Thomas Novak is hit by Ryan Suter and loses puck.
14:33 of 2nd period - Penalty to Vitali Kravtsov is over, Vitali Kravtsov is back on ice.
14:41 of 2nd period - Snap shot by Jackson Blake.
14:41 of 2nd period - Shot Misses the Net.
14:43 of 2nd period - Wrist shot by Ryan Suter.
14:43 of 2nd period - Stopped by Dennis Hildeby with a rebound.
14:45 of 2nd period - Wrist shot by Jackson Blake.
14:45 of 2nd period - Stopped by Dennis Hildeby with a rebound.
14:47 of 2nd period - Slapshot by Vitali Kravtsov.
14:47 of 2nd period - Stopped by Dennis Hildeby without a rebound.
14:48 of 2nd period - Alex Steeves wins face-off versus Jansen Harkins in Philadelphia Flyers zone.
15:44 of 2nd period - Off-side.
15:45 of 2nd period - Radek Faksa wins face-off versus Adam Fantilli in neutral zone.
15:48 of 2nd period - Backhand shot by Paul Cotter.
15:48 of 2nd period - Stopped by Victor Ostman without a rebound.
15:49 of 2nd period - Adam Fantilli wins face-off versus Radek Faksa in Los Angeles Kings zone.
15:58 of 2nd period - Backhand shot by Adam Fantilli.
15:58 of 2nd period - Stopped by Dennis Hildeby without a rebound.
15:59 of 2nd period - Colton Sissons wins face-off versus Seth Jarvis in Philadelphia Flyers zone.
16:05 of 2nd period - MacKenzie Weegar beats up Jack McBain.
16:05 of 2nd period - Penalty to Jack McBain for Fighting.
16:05 of 2nd period - Penalty to MacKenzie Weegar for Fighting.
16:06 of 2nd period - Colton Sissons wins face-off versus Seth Jarvis in neutral zone.
16:06 of 2nd period - Colton Sissons is hit by Logan Cooley.
16:12 of 2nd period - Backhand shot by Zac Jones.
16:12 of 2nd period - Stopped by Victor Ostman with a rebound.
16:14 of 2nd period - Slapshot by Zac Jones.
16:14 of 2nd period - Stopped by Victor Ostman with a rebound.
16:16 of 2nd period - Snap shot by Kirby Dach.
16:16 of 2nd period - Stopped by Victor Ostman with a rebound.
16:23 of 2nd period - Minor Penalty to Seth Jarvis for Roughing.
16:24 of 2nd period - Cody Glass wins face-off versus Logan Cooley in Los Angeles Kings zone.
18:23 of 2nd period - Penalty to Seth Jarvis is over, Seth Jarvis is back on ice.
18:38 of 2nd period - Seth Jarvis is hit by Will Borgen and loses puck.
18:57 of 2nd period - Slapshot by Andrei Kuzmenko.
18:57 of 2nd period - Shot Misses the Net.
19:01 of 2nd period - Snap shot by Seth Jarvis.
19:01 of 2nd period - Stopped by Dennis Hildeby without a rebound.
19:02 of 2nd period - Jansen Harkins wins face-off versus Cody Glass in Philadelphia Flyers zone.
19:43 of 2nd period - Cole Guttman is hit by Logan Cooley and loses puck.
19:56 of 2nd period - Radek Faksa is hit by Jackson Blake and loses puck.
Goals for this period are 0 for Los Angeles Kings vs 0 for Philadelphia Flyers.
Shots for this period are 10 for Los Angeles Kings vs 12 for Philadelphia Flyers.
3rd period
0:01 of 3rd period - Adam Fantilli wins face-off versus Colton Sissons in neutral zone.
0:12 of 3rd period - Wrist shot by Adam Fantilli.
0:12 of 3rd period - Shot Misses the Net.
0:14 of 3rd period - Slapshot by K'Andre Miller.
0:14 of 3rd period - Stopped by Dennis Hildeby with a rebound.
0:16 of 3rd period - Slapshot by Alexander Romanov.
0:16 of 3rd period - Shot Blocked by Zac Jones.
0:32 of 3rd period - Henri Jokiharju is hit by Matthew Boldy and loses puck.
0:47 of 3rd period - Wrist shot by Seth Jarvis.
0:47 of 3rd period - Shot Misses the Net.
0:49 of 3rd period - Wrist shot by Jackson Blake.
0:49 of 3rd period - Stopped by Dennis Hildeby with a rebound.
0:51 of 3rd period - Slapshot by K'Andre Miller.
0:51 of 3rd period - Stopped by Dennis Hildeby with a rebound.
0:53 of 3rd period - Snap shot by Jansen Harkins.
0:53 of 3rd period - Deflect By Jackson Blake.
0:53 of 3rd period - Shot Misses the Net.
0:53 of 3rd period - Puck is out of play.
0:54 of 3rd period - Cody Glass wins face-off versus Jansen Harkins in Philadelphia Flyers zone.
1:07 of 3rd period - Snap shot by Kaapo Kakko.
1:07 of 3rd period - Goal by Kaapo Kakko - Los Angeles Kings : 1 - Philadelphia Flyers : 6.
1:08 of 3rd period - Adam Fantilli wins face-off versus Cody Glass in neutral zone.
1:21 of 3rd period - Snap shot by Cody Glass.
1:21 of 3rd period - Shot Blocked by Adam Fantilli.
1:23 of 3rd period - Snap shot by Cody Glass.
1:23 of 3rd period - Shot Misses the Net.
1:56 of 3rd period - Snap shot by Cole Guttman.
1:56 of 3rd period - Stopped by Victor Ostman with a rebound.
2:02 of 3rd period - Slapshot by Charlie McAvoy.
2:02 of 3rd period - Shot Misses the Net.
2:20 of 3rd period - Snap shot by Seth Jarvis.
2:20 of 3rd period - Shot Misses the Net.
2:50 of 3rd period - Paul Cotter is hit by Jansen Harkins and loses puck.
3:01 of 3rd period - Wrist shot by Seth Jarvis.
3:01 of 3rd period - Stopped by Dennis Hildeby without a rebound.
3:02 of 3rd period - Cody Glass wins face-off versus Joseph Veleno in Philadelphia Flyers zone.
3:06 of 3rd period - Off-side.
3:07 of 3rd period - Joseph Veleno wins face-off versus Kaapo Kakko in neutral zone.
3:12 of 3rd period - Snap shot by Joseph Veleno.
3:12 of 3rd period - Deflect By Henri Jokiharju.
3:12 of 3rd period - Goal by Joseph Veleno - Los Angeles Kings : 2 - Philadelphia Flyers : 6.
3:13 of 3rd period - Colton Sissons wins face-off versus Seth Jarvis in neutral zone.
3:43 of 3rd period - Snap shot by Andrei Svechnikov.
3:43 of 3rd period - Stopped by Dennis Hildeby with a rebound.
3:45 of 3rd period - Slapshot by Andrei Kuzmenko.
3:45 of 3rd period - Stopped by Dennis Hildeby with a rebound.
3:47 of 3rd period - Wrist shot by Adam Fantilli.
3:47 of 3rd period - Goal by Adam Fantilli - Los Angeles Kings : 3 - Philadelphia Flyers : 6.
3:48 of 3rd period - Colton Sissons wins face-off versus Seth Jarvis in neutral zone.
3:51 of 3rd period - Logan Cooley is hit by Colton Sissons and loses puck.
4:00 of 3rd period - Slapshot by K'Andre Miller.
4:00 of 3rd period - Stopped by Dennis Hildeby with a rebound.
4:14 of 3rd period - K'Andre Miller is hit by Nick Blankenburg and loses puck.
4:44 of 3rd period - Wrist shot by Jackson Blake.
4:44 of 3rd period - Stopped by Dennis Hildeby with a rebound.
4:46 of 3rd period - Snap shot by Jackson Blake.
4:46 of 3rd period - Goal by Jackson Blake - Los Angeles Kings : 4 - Philadelphia Flyers : 6.
4:47 of 3rd period - Colton Sissons wins face-off versus Seth Jarvis in neutral zone.
4:56 of 3rd period - Slapshot by MacKenzie Weegar.
4:56 of 3rd period - Stopped by Dennis Hildeby with a rebound.
4:58 of 3rd period - Slapshot by MacKenzie Weegar.
4:58 of 3rd period - Shot Misses the Net.
5:00 of 3rd period - Snap shot by Matthew Boldy.
5:00 of 3rd period - Shot Misses the Net.
5:02 of 3rd period - Wrist shot by Seth Jarvis.
5:02 of 3rd period - Stopped by Dennis Hildeby with a rebound.
5:04 of 3rd period - Snap shot by Seth Jarvis.
5:04 of 3rd period - Deflect By Logan Cooley.
5:04 of 3rd period - Goal by Logan Cooley - Los Angeles Kings : 5 - Philadelphia Flyers : 6.
5:05 of 3rd period - Cody Glass wins face-off versus Seth Jarvis in neutral zone.
5:19 of 3rd period - Minor Penalty to Logan Cooley for Interference.
5:20 of 3rd period - Cody Glass wins face-off versus Joseph Veleno in Los Angeles Kings zone.
5:22 of 3rd period - Wrist shot by Cody Glass.
5:22 of 3rd period - Stopped by Victor Ostman without a rebound.
5:23 of 3rd period - Cody Glass wins face-off versus Joseph Veleno in Los Angeles Kings zone.
5:32 of 3rd period - Snap shot by Thomas Novak.
5:32 of 3rd period - Stopped by Victor Ostman without a rebound.
5:33 of 3rd period - Colton Sissons wins face-off versus Joseph Veleno in Los Angeles Kings zone.
5:58 of 3rd period - Snap shot by Kaapo Kakko.
5:58 of 3rd period - Shot Misses the Net.
6:00 of 3rd period - Wrist shot by Cody Glass.
6:00 of 3rd period - Shot Hit the Post.
6:02 of 3rd period - Slapshot by Zac Jones.
6:02 of 3rd period - Shot Misses the Net.
6:04 of 3rd period - Slapshot by Zac Jones.
6:04 of 3rd period - Shot Misses the Net.
6:06 of 3rd period - Snap shot by Kaapo Kakko.
6:06 of 3rd period - Shot Misses the Net.
6:08 of 3rd period - Slapshot by Kaapo Kakko.
6:08 of 3rd period - Shot Blocked by Andrei Svechnikov.
7:13 of 3rd period - Charlie McAvoy is hit by Kaapo Kakko and loses puck.
7:19 of 3rd period - Penalty to Logan Cooley is over, Logan Cooley is back on ice.
7:33 of 3rd period - Wrist shot by Andrei Svechnikov.
7:33 of 3rd period - Deflect By Logan Cooley.
7:33 of 3rd period - Stopped by Dennis Hildeby with a rebound.
7:35 of 3rd period - Backhand shot by Logan Cooley.
7:35 of 3rd period - Goal by Logan Cooley - Los Angeles Kings : 6 - Philadelphia Flyers : 6.
7:36 of 3rd period - Seth Jarvis wins face-off versus Radek Faksa in neutral zone.
7:45 of 3rd period - Slapshot by Radek Faksa.
7:45 of 3rd period - Stopped by Victor Ostman without a rebound.
7:46 of 3rd period - Paul Cotter wins face-off versus Seth Jarvis in Los Angeles Kings zone.
7:47 of 3rd period - Snap shot by Jeff Skinner.
7:47 of 3rd period - Shot Blocked by Matthew Boldy.
7:49 of 3rd period - Slapshot by Henri Jokiharju.
7:49 of 3rd period - Stopped by Victor Ostman with a rebound.
7:51 of 3rd period - Slapshot by Jeff Skinner.
7:51 of 3rd period - Shot Misses the Net.
7:53 of 3rd period - Slapshot by Jeff Skinner.
7:53 of 3rd period - Shot Blocked by MacKenzie Weegar.
7:55 of 3rd period - Wrist shot by Zac Jones.
7:55 of 3rd period - Stopped by Victor Ostman without a rebound.
7:56 of 3rd period - Cody Glass wins face-off versus Adam Fantilli in Los Angeles Kings zone.
7:57 of 3rd period - Snap shot by Kaapo Kakko.
7:57 of 3rd period - Stopped by Victor Ostman with a rebound.
8:47 of 3rd period - Slapshot by Jansen Harkins.
8:47 of 3rd period - Shot Blocked by Will Borgen.
8:49 of 3rd period - Slapshot by Alexander Romanov.
8:49 of 3rd period - Stopped by Dennis Hildeby without a rebound.
8:50 of 3rd period - Jansen Harkins wins face-off versus Brandon Duhaime in Philadelphia Flyers zone.
8:55 of 3rd period - Snap shot by Charlie McAvoy.
8:55 of 3rd period - Shot Blocked by Cody Glass.
9:15 of 3rd period - Andrei Svechnikov is hit by Paul Cotter and loses puck.
10:42 of 3rd period - Jackson Blake is hit by Cole Guttman and loses puck.
11:22 of 3rd period - Icing by Jackson Blake.
11:23 of 3rd period - Colton Sissons wins face-off versus Adam Fantilli in Los Angeles Kings zone.
11:26 of 3rd period - Slapshot by Kirby Dach.
11:26 of 3rd period - Stopped by Victor Ostman without a rebound.
11:27 of 3rd period - Colton Sissons wins face-off versus Andrei Kuzmenko in Los Angeles Kings zone.
11:36 of 3rd period - Wrist shot by Kirby Dach.
11:36 of 3rd period - Shot Misses the Net.
11:59 of 3rd period - Slapshot by Andrei Svechnikov.
11:59 of 3rd period - Stopped by Dennis Hildeby with a rebound.
12:01 of 3rd period - Slapshot by Ryan Suter.
12:01 of 3rd period - Deflect By Zac Jones.
12:01 of 3rd period - Stopped by Dennis Hildeby without a rebound.
12:02 of 3rd period - Radek Faksa wins face-off versus Matthew Boldy in Philadelphia Flyers zone.
12:10 of 3rd period - Minor Penalty to Nick Blankenburg for Roughing.
12:11 of 3rd period - Colton Sissons wins face-off versus Seth Jarvis in Philadelphia Flyers zone.
12:11 of 3rd period - Colton Sissons is hit by Matthew Boldy.
13:46 of 3rd period - J.J. Moser is hit by Logan Cooley and loses puck.
14:03 of 3rd period - Radek Faksa is hit by Adam Fantilli and loses puck.
14:10 of 3rd period - Penalty to Nick Blankenburg is over, Nick Blankenburg is back on ice.
14:29 of 3rd period - Jakub Zboril is hit by Nick Blankenburg and loses puck.
15:04 of 3rd period - Jackson Blake is hit by J.J. Moser and loses puck.
15:17 of 3rd period - K'Andre Miller is hit by Jack McBain and loses puck.
17:01 of 3rd period - Icing by K'Andre Miller.
17:02 of 3rd period - Cody Glass wins face-off versus Jansen Harkins in Los Angeles Kings zone.
17:42 of 3rd period - Snap shot by Alex Steeves.
17:42 of 3rd period - Goal by Alex Steeves - Los Angeles Kings : 6 - Philadelphia Flyers : 7.
17:43 of 3rd period - Jansen Harkins wins face-off versus Radek Faksa in neutral zone.
18:35 of 3rd period - Cole Guttman is hit by Andrei Svechnikov and loses puck.
18:38 of 3rd period - Los Angeles Kings, Victor Ostman is pulled from the net.
19:16 of 3rd period - Wrist shot by Seth Jarvis.
19:16 of 3rd period - Stopped by Dennis Hildeby without a rebound.
19:17 of 3rd period - Benoit Groulx call a timeout for Los Angeles Kings.
19:17 of 3rd period - Colton Sissons wins face-off versus Seth Jarvis in Philadelphia Flyers zone.
19:28 of 3rd period - Snap shot by Brandon Duhaime.
19:28 of 3rd period - Shot Blocked by MacKenzie Weegar.
19:36 of 3rd period - Snap shot by Seth Jarvis.
19:36 of 3rd period - Stopped by Dennis Hildeby without a rebound.
19:37 of 3rd period - Colton Sissons wins face-off versus Seth Jarvis in Philadelphia Flyers zone.
19:59 of 3rd period - Snap shot by Logan Cooley.
19:59 of 3rd period - Shot Misses the Net.
Goals for this period are 5 for Los Angeles Kings vs 2 for Philadelphia Flyers.
Shots for this period are 21 for Los Angeles Kings vs 10 for Philadelphia Flyers.
Back to the Top